AoeStats
← enriquelegion117

Arena

510262520Analyzed
1v1 RM · 18h ago on Sep 30, 2026· 49m 27s· 2 players
Game mode
Random Map
Map size
Tiny (2 player)
Population
200
Speed
Normal
Resources
Standard
Victory
Conquest
Starting age
Dark Age
Ending age
Imperial Age
RankedLock teamsTeams togetherTeam positionsShared explorationLock speedFull tech treeHidden civsTurbo modeCheats
Victory
Defeat
🇲🇽 Romans · Mexico
728
+18
🇦🇺 Italians · Australia
771
-18
enriquelegion117
0:53 Loom
12:32 Feudal Age
13:14 Double-Bit Axe
14:30 Wheelbarrow
15:23 Horse Collar
21:29 Castle Age
19:59 Gold Mining
20:37 Scale Mail Armor
20:28 Man-at-Arms
21:28 Forging
25:08 Heavy Plow
25:22 Bow Saw
27:34 Hand Cart
28:14 Squires
27:38 Pikeman
28:48 Stone Mining
29:59 Gold Shaft Mining
30:11 Ballistics
31:06 Chain Mail Armor
31:28 Iron Casting
35:48 Ballistas
35:58 Masonry
36:27 Fletching
39:35 Imperial Age
37:48 Husbandry
37:57 Scale Barding Armor
37:50 Bodkin Arrow
42:29 Siege Engineers
44:40 Chemistry
TripleVI
3:43 Loom
12:10 Feudal Age
15:09 Double-Bit Axe
15:09 Horse Collar
19:43 Castle Age
18:53 Wheelbarrow
18:26 Fletching
18:37 Padded Archer Armor
18:40 Gold Mining
21:02 Bow Saw
20:58 Heavy Plow
21:53 Thumb Ring
23:48 Bodkin Arrow
24:09 Leather Archer Armor
26:19 Husbandry
26:30 Bloodlines
25:40 Light Cavalry
26:45 Stone Mining
29:19 Town Watch
30:08 Ballistics
35:11 Imperial Age
32:48 Murder Holes
33:24 Forging
34:34 Scale Barding Armor
36:15 Iron Casting
35:38 Hussar
37:24 Bracer
37:55 Ring Archer Armor
42:36 Elite Genoese Crossbowman
Connection lost

Rejoining the realm…

Still unreachable

The connection could not be restored.

Session expired

The server has moved on; the page needs a fresh start.